 Dungeon Crawl Stone Soup version 0.25-a0-661-g55ea3d2053 (webtiles) character file.

Game seed: 7720826075293804738, levelgen mode: deterministic

65 An17 the Digger (level 3, -1/27 HPs)
             Began as a Demigod Earth Elementalist on Mar 23, 2020.
             Slain by a worm (7 damage)
             ... on level 2 of the Dungeon.
             The game lasted 00:04:16 (811 turns).

An17 the Digger (Demigod Earth Elementalist)         Turns: 811, Time: 00:04:17

Health: -1/27      AC:  4    Str: 11    XL:     3   Next: 66%
Magic:  2/9        EV: 12    Int: 21    God:
Gold:   91         SH:  0    Dex: 16    Spells: 1/7 levels left

rFire    . . .     SeeInvis .   a - +0 dagger
rCold    . . .     Gourm    .   (no shield)
rNeg     . . .     Faith    .   i - +0 leather armour
rPois    .         Spirit   .   (no helmet)
rElec    .         Reflect  .   e - +0 cloak
rCorr    .         Harm     .   (no gloves)
MR       .....                  (no boots)
Stlth    ++........             (no amulet)
HPRegen  0.09/turn              (no ring)
MPRegen  0.11/turn              (no ring)

@: no status effects
A: high mp 1
a: no special abilities


You were on level 2 of the Dungeon.
You were not hungry.

You visited 1 branch of the dungeon, and saw 2 of its levels.

You collected 91 gold pieces.

Inventory:

Hand Weapons
 a - a +0 dagger (weapon)
Missiles
 b - 2 stones (quivered)
Armour
 e - a +0 cloak (worn)
 i - a +0 leather armour (worn)
Scrolls
 h - a scroll of magic mapping {unknown}
Potions
 c - a potion of heal wounds {unknown}
 f - a potion of curing {unknown}
 g - 2 potions of haste
Comestibles
 d - 4 rations


   Skills:
 + Level 0.4 Fighting
 + Level 2.2 Dodging
 - Level 1.8 Stealth
 + Level 2.6 Spellcasting
 + Level 0.8 Transmutations
 + Level 3.3 Earth Magic


You had one spell level left.
You knew the following spells:

 Your Spells              Type           Power        Failure   Level  Hunger
a - Sandblast             Erth           ###...       4%          1    None
b - Passwall              Tmut/Erth      ##......     12%         2    ##.....
c - Stone Arrow           Conj/Erth      #.....       26%         3    ###....

Your spell library contained the following spells:

 Spells                   Type           Power        Failure   Level  Hunger
 Petrify                  Tmut/Erth      ##......     58%         4    ####...
 Lee's Rapid Deconstruct  Erth           ###.......   77%         5    ######.


Dungeon Overview and Level Annotations

Branches:
Dungeon (2/15)


Innate Abilities, Weirdness & Mutations

You have an increased reservoir of magic. (+10% MP)


Message History

The worm is almost dead.
The worm bites you but does no damage.
You hit the worm.
The worm is almost dead.
The worm barely misses you.
You hit the worm.
The worm is almost dead.
You barely miss the worm.
The worm is almost dead.
The worm barely misses you.
You barely miss the worm.
The worm is almost dead.
You barely miss the worm.
The worm is almost dead.
The worm bites you!
* * * LOW HITPOINT WARNING * * *
You hit the worm.
The worm is almost dead.
The worm bites you!
You die...

..####.# ... #........# ##.## ...
..#.# #...# #.# #.#.#.# #...# #
####.###.....# #...# ##.##
#<....)..#.# #...# .....
.....##).#.# ######...####..#
..)..##..#.####..........(...#.#
.....##..#....).@w...(...........
....###..†)..##..)....(.(....##.#
....###.####.#######.(.####!....
#.......# #.# #...# #.....
######### #.# #...# ###.# ..#
#...# # .## #...# . ##.## #. #.#


You could see a worm.

Vanquished Creatures
  3 gnolls (D:2)
  An ooze (D:2)
  A dart slug (D:1)
  A leopard gecko (D:1)
  3 bats (D:1)
  4 giant cockroaches (D:1)
  3 hobgoblins
  2 jackals (D:1)
  A quokka (D:2)
  3 goblins
  4 kobolds (D:1)
  3 rats (D:1)
29 creatures vanquished.

Notes
Turn   | Place    | Note
-------+----------+-------------------------------------------
     0 | D:1      | An17 the Demigod Earth Elementalist began the quest for the
                  | Orb.
     0 | D:1      | Reached XP level 1. HP: 14/14 MP: 5/5
   107 | D:1      | Reached skill level 3 in Earth Magic
   185 | D:1      | Reached XP level 2. HP: 14/20 MP: 2/7
   192 | D:1      | Learned a level 2 spell: Passwall
   702 | D:2      | Reached XP level 3. HP: 27/27 MP: 4/8
   712 | D:2      | Learned a level 3 spell: Stone Arrow
   811 | D:2      | Slain by a worm

Levels and vault maps discovered:
D:1:      onia_arrival_pentagram, layout_basic, hex_medium, minmay_crystal_room
D:2:      layout_loops_cross

Skill      XL: |  1  2 |
---------------+-------+-----
Earth Magic    | 3 |  3.3
Spellcasting   | 2 |  2.6
Dodging        | 2 |  2.2
Fighting       | |  0.4
Stealth        | |  1.8
Transmutations | |  0.8

Action                   || total
-------------------------++-------
Melee: Dagger            ||    58
       Unarmed           ||     2
 Cast: Sandblast         ||    37
       Stone Arrow       ||     2
  Use: Scroll            ||     3
Armor: Robe              ||    15
       Leather armour    ||     4
Dodge: Dodged            ||    52

Table legend:
 A = Non-vault XP
 B = Vault XP
 C = Vault XP percentage of total XP
 D = Non-vault monster count
 E = Vault monster count
 F = Vault count percentage of total count
                 A         B        C        D         E       F
            +---------+---------+-------+---------+---------+-------
      Total |      93 |       0 |   0.0 |      29 |       0 |   0.0
            +---------+---------+-------+---------+---------+-------
        D:1 |      36 |       0 |   0.0 |      21 |       0 |   0.0
        D:2 |      57 |       0 |   0.0 |       8 |       0 |   0.0
            +---------+---------+-------+---------+---------+-------
